 Dungeon Crawl Stone Soup version 0.26-b1-32-g5d43845 (webtiles) character file.

Game seed: 5095118167631210268

222 arb the Ruffian (level 5, 0/45 HPs)
             Began as a Ghoul Monk on Jan 13, 2021.
             Slain by a goblin (1 damage)
             ... on level 3 of the Dungeon.
             The game lasted 00:04:10 (3017 turns).

arb the Ruffian (Ghoul Monk)                        Turns: 3017, Time: 00:04:11

Health: 0/45       AC:  3    Str: 15    XL:     5   Next: 99%
Magic:  4/4        EV: 12    Int: 11    God:
Gold:   147        SH:  0    Dex: 12    Spells: 4/4 levels left

rFire    . . .     SeeInvis .     - Unarmed
rCold    + . .     Faith    .   (no shield)
rNeg     + + +     Spirit   .   m - +0 leather armour
rPois    ∞         Reflect  .   (no helmet)
rElec    .         Harm     .   (no cloak)
rCorr    .         Rampage  .   (no gloves)
Will     .....                  (no boots)
Stlth    ++........             (no amulet)
HPRegen  0.00/turn              k - +6 ring of intelligence
MPRegen  0.09/turn              (no ring)

@: brilliant
A: claws 1, cold resistance 1, negative energy resistance 3, inhibited
regeneration, torment resistance, unbreathing
a: no special abilities


You were on level 3 of the Dungeon.
You visited 1 branch of the dungeon, and saw 3 of its levels.

You collected 147 gold pieces.

Inventory:

Armour
 m - a +0 leather armour (worn)
Jewellery
 k - a +6 ring of intelligence (left claw)
Scrolls
 a - a scroll of magic mapping {unknown}
 b - 2 scrolls of blinking {unknown}
 c - 2 scrolls of fear {unknown}
 e - 7 scrolls of identify {unknown}
 h - a scroll of amnesia {unknown}
 i - a scroll of remove curse {unknown}
 j - a scroll of immolation {unknown}
 l - a scroll of fog {unknown}
Potions
 d - a potion of attraction {unknown}
 f - a potion of degeneration {unknown}
 g - a potion of brilliance
 n - 2 potions of lignification {unknown}


   Skills:
 - Level 3.3 Fighting
 + Level 2.7 Dodging
 - Level 2.2 Stealth
 * Level 7.0 Unarmed Combat


You had 4 spell levels left.
You didn't know any spells.
Your spell library was empty.

Dungeon Overview and Level Annotations

Branches:
Dungeon (3/15)

Altars:


Innate Abilities, Weirdness & Mutations

You thrive by killing the living.
You are immune to poison.
You have sharp fingernails.
Your flesh is cold resistant. (rC+)
You are immune to negative energy. (rN+++)
You do not regenerate when monsters are visible.
You are immune to unholy pain and torment.
You can survive without breathing.


Message History

The centaur is moderately wounded.
The goblin barely misses you. The kobold hits you but does no damage.
The centaur unwields a +0 shortbow.
The centaur closely misses you.
You claw the centaur!
The centaur is severely wounded.
The goblin completely misses you. The kobold closely misses you.
The centaur closely misses you.
Okay, then.
You completely miss the centaur.
The centaur is severely wounded.
The centaur hits you.
* * * LOW HITPOINT WARNING * * *
The kobold barely misses you. The goblin hits you.
* * * LOW HITPOINT WARNING * * *
It was a potion of brilliance.
You feel clever all of a sudden. The centaur hits you.
* * * LOW HITPOINT WARNING * * *
The kobold closely misses you. The goblin hits you.
You die...

####### ########### #......
#.........# #.####†
#.........# #.# #.
#.........# #.# #.
#########.cgK.....# #.####.
#.........(@......# #...##.
#.........##############.##.
#.....(..(# #..)..#..
#.......(.# #.#####.#
#.†.......# #.# #.#
######.........##########.#
#.#
....†'.........+.......)[.#
#.#
######.........#####.######
#.# #.........#
#.##########.#


You could see a centaur, a goblin and a kobold.

Vanquished Creatures
  A water moccasin zombie (D:2)
  5 gnolls
  2 adders
  A worm (D:2)
  A dart slug (D:1)
  A leopard gecko (D:1)
  10 orcs (D:3)
  5 bats
  A giant cockroach (D:3)
  9 goblins
  17 hobgoblins
  7 jackals
  7 kobolds
  A quokka (D:2)
  2 ball pythons (D:2)
  3 frilled lizards
  8 rats
81 creatures vanquished.

Notes
Turn   | Place    | Note
-------+----------+-------------------------------------------
     0 | D:1      | arb the Ghoul Monk began the quest for the Orb.
     0 | D:1      | Reached XP level 1. HP: 19/19 MP: 0/0
    97 | D:1      | Reached XP level 2. HP: 23/26 MP: 1/1
   275 | D:1      | Reached skill level 4 in Unarmed Combat
  1019 | D:2      | Reached XP level 3. HP: 12/31 MP: 2/2
  1607 | D:2      | Reached skill level 5 in Unarmed Combat
  1615 | D:2      | Reached XP level 4. HP: 16/38 MP: 3/3
  1815 | D:2      | Reached skill level 6 in Unarmed Combat
  1815 | D:2      | Reached XP level 5. HP: 36/45 MP: 4/4
  2844 | D:3      | Reached skill level 7 in Unarmed Combat
  3008 | D:3      | Noticed a centaur
  3017 | D:3      | HP: 1/45 [centaur (2)]
  3017 | D:3      | Slain by a goblin

Illustrated notes

Levels and vault maps discovered:
D:1:      lemuel_arrival_funnel, layout_basic
D:2:      layout_rooms, minivault_26, minmay_misc_feat_chi
D:3:      layout_basic, guppyfry_early_orc_mine

Skill      XL: |  1  2  3  4  5 |
---------------+----------------+-----
Unarmed Combat | 4 5 6 7 |  7.0
Fighting       | |  3.3
Dodging        | |  2.7
Stealth        | |  2.2

Action                   |  1- 3 |  4- 6 || total
-------------------------+-------+-------++-------
Melee: Unarmed           |   113 |   121 ||   234
       Punch             |       |     2 ||     2
  Use: Potion            |       |     1 ||     1
 Stab: Sleeping          |     2 |       ||     2
       Distracted        |       |     1 ||     1
Armor: Robe              |    12 |     5 ||    17
       Leather armour    |       |    13 ||    13
Dodge: Dodged            |    76 |    75 ||   151
